 Dungeon Crawl Stone Soup version 0.31-a0-692-gf03d1854d5 (webtiles) character file.

Game seed: 7994699082972787196

133 qw the Shooter (level 5, 0/32 HPs)
             Began as a Gargoyle Hunter on Sept 6, 2023.
             Slain by Dowan
             ... wielding a +0 dagger
              (3 damage)
             ... on level 4 of the Dungeon.
             The game lasted 00:01:04 (2712 turns).

qw the Shooter (Gargoyle Hunter)                    Turns: 2712, Time: 00:01:05

Health: 0/32       AC:  9    Str: 21    XL:     5   Next: 16%
Magic:  5/5        EV: 12    Int:  9    God:
Gold:   131        SH:  0    Dex: 15    Spells: 4/4 levels left

rFire   . . .        Y - +0 shortbow
rCold   . . .        (shield currently unavailable)
rNeg    + . .        c - +0 leather armour
rPois   inf          b - +0 helmet
rElec   +            l - +0 cloak
rCorr   .            (no gloves)
SInv    .            (no boots)
Will    .....        (no amulet)
Stlth   +            d - +6 ring of strength
HPRegen 0.25/turn    (no ring)
MPRegen 0.09/turn

%: no passive effects
@: lit by a corona, about to teleport, glowing
A: sickness immunity, AC +4, negative energy resistance 1, electricity
resistance, torment resistance 1, petrification resistance
a: no special abilities


You were on level 4 of the Dungeon.
You visited 1 branch of the dungeon, and saw 4 of its levels.

You collected 131 gold pieces.


Innate Abilities, Weirdness & Mutations

You are immune to sickness and miasma.
Your stone body is resilient. (AC +4)
You are immune to poison.
You resist negative energy. (rN+)
You are resistant to electric shocks. (rElec)
You are resistant to unholy torment.
You are immune to petrification.


   Skills:
 - Level 3.0 Fighting
 - Level 5.9 Ranged Weapons
 + Level 0.0 Armour
 - Level 1.5 Dodging
 - Level 1.1 Stealth


You had 4 spell levels left.
You didn't know any spells.
Your spell library was empty.

Inventory:

Hand Weapons
 Y - a +0 shortbow (weapon)
Armour
 b - a +0 helmet (worn)
 c - a +0 leather armour (worn)
 l - a +0 cloak (worn)
Jewellery
 d - a +6 ring of strength (left hand)
Wands
 g - a wand of digging (4)
Scrolls
 i - a scroll of identify
Potions
 a - a potion of curing {unknown}
 e - a potion of degeneration {unknown}
 f - a potion of invisibility {unknown}
 h - a potion of might
 j - a potion of heal wounds {unknown}
 k - a potion of brilliance {unknown}

Dungeon Overview and Level Annotations

Branches:
Dungeon (4/15)
 Temple: D:4-7

Altars:
Makhleb

Shops:
D:1 ?

Annotations:
D:4 Dowan, Duvessa


Message History

Duvessa is moderately wounded.
Duvessa hits you with a +0 short sword!
Dowan casts a spell.
Dowan blinks!
You shoot an arrow. The arrow barely misses Duvessa.
The arrow hits the quokka!
You kill the quokka!
Duvessa hits you with a +0 short sword. x2
2706 |||
Found retreat position at 0,1 (Duvessa; floor) with 0 blocking monsters and 1 monsters attacking at destination at distance 1 You shoot an arrow.
The arrow hits Duvessa but does no damage.
Duvessa is moderately wounded.
Duvessa hits you but does no damage.
2707 |||
Found retreat position at 0,1 (Duvessa; floor) with 0 blocking monsters and 1 monsters attacking at destination at distance 1 You shoot an arrow.
The arrow barely misses Dowan.
Dowan misses you. Duvessa barely misses you. Dowan barely misses you.
2708 |||
Found retreat position at 0,1 (Duvessa; floor) with 0 blocking monsters and 1 monsters attacking at destination at distance 1 You shoot an arrow.
The arrow hits Dowan.
Dowan is almost dead.
Duvessa hits you but does no damage. Dowan gestures at you while chanting.
The puff of flame hits you.
2709 |||
Found retreat position at 0,1 (Duvessa; floor) with 0 blocking monsters and 1 monsters attacking at destination at distance 1 You shoot an arrow.
The arrow closely misses Dowan.
Duvessa hits you with a +0 short sword.
Dowan says, "Stay away from my face!"
Dowan hits you but does no damage.
2710 |||
Found retreat position at 0,1 (Duvessa; floor) with 0 blocking monsters and 1 monsters attacking at destination at distance 1 You shoot an arrow.
The arrow barely misses Dowan.
Duvessa closely misses you. Dowan hits you with a +0 dagger.
2711 |||
Found retreat position at 0,1 (Duvessa; floor) with 0 blocking monsters and 1 monsters attacking at destination at distance 1 You shoot an arrow.
The arrow closely misses Dowan.
Duvessa hits you with a +0 short sword. Dowan gestures at you while chanting.
You are outlined in light.
2712 |||
Found retreat position at 0,1 (Duvessa; floor) with 0 blocking monsters and 1 monsters attacking at destination at distance 1
2712 ||| READING scroll of teleportation.
As you read the scroll of teleportation, it crumbles to dust.
You feel strangely unstable. Duvessa hits you with a +0 short sword.
Dowan hits you with a +0 dagger.
You die...

####r ....
#####+###
#...
#.......#
#.e.
+.......#
#...
#.e.....#
.r>
##@###..#
##.###e####
#..r'.....#
#...#..>..#
#...#.....#
###########


You could see Duvessa and Dowan.

Vanquished Creatures
  Robin (D:3)
  4 adders
  A worm (D:1)
  5 dart slugs
  5 bats
  An endoplasm (D:3)
  5 giant cockroaches
  15 goblins
  5 hobgoblins
  2 jackals (D:1)
  6 quokkas
  6 ball pythons
  A frilled lizard (D:1)
  3 kobolds
  8 rats
68 creatures vanquished.

Notes
Turn   | Place    | Note
-------+----------+-------------------------------------------
     0 | D:1      | qw the Gargoyle Hunter began the quest for the Orb.
     0 | D:1      | Reached XP level 1. HP: 12/12 MP: 1/1
     0 | D:1      | 0 ||| qw: Version: 0.3-a-76-g4403597
     0 | D:1      | 0 ||| qw: Game counter: 51
     0 | D:1      | 0 ||| qw: Melee chars always use a shield: true
     0 | D:1      | 0 ||| qw: God list: Okawaru
     0 | D:1      | 0 ||| qw: Allow faded altars: false
     0 | D:1      | 0 ||| qw: Do Orc after clearing Dungeon:15 true
     0 | D:1      | 0 ||| qw: Do second Lair branch before Depths: true
     0 | D:1      | 0 ||| qw: Lair rune preference: random
     0 | D:1      | 0 ||| qw: Goals: Normal
     0 | D:1      | 0 ||| PLANNING D:1-11
    86 | D:1      | Reached XP level 2. HP: 17/17 MP: 2/2
   284 | D:1      | Found Asujip's Magic Scroll Shop.
   302 | D:1      | 302 ||| SHOPLISTING scroll of enchant armour (82 gold, have
                  | 21).
   302 | D:1      | 302 ||| SHOPLISTING scroll of identify (22 gold, have 21).
   391 | D:1      | Reached XP level 3. HP: 21/21 MP: 3/3
   741 | D:1      | 741 ||| READING 2 scrolls labelled CISOPY ERGHO.
   742 | D:1      | 742 ||| DROPPING scroll of revelation.
   743 | D:1      | 743 ||| DROPPING scroll of butterflies.
   815 | D:2      | 815 ||| STAIRDANCE
   819 | D:1      | Reached skill level 5 in Ranged Weapons
   834 | D:2      | 834 ||| STAIRDANCE
   872 | D:2      | Found a burning altar of Makhleb.
  1046 | D:2      | Found a faded altar of an unknown god.
  1114 | D:2      | Reached skill level 3 in Fighting
  1206 | D:2      | Reached XP level 4. HP: 28/28 MP: 4/4
  1209 | D:2      | You fall into a shaft and drop 1 floor!
  1444 | D:3      | 1444 ||| UPGRADING to +6 ring of strength.
  1445 | D:3      | 1445 ||| READING 2 scrolls labelled VOPO ZYILIRIHU.
  1448 | D:3      | 1448 ||| READING scroll labelled XIOPPA LEINK.
  1449 | D:3      | 1449 ||| READING 2 scrolls labelled JINOGI YKLEI.
  1450 | D:3      | 1450 ||| READING scroll labelled FOABOR IHUENY.
  1451 | D:3      | 1451 ||| DRINKING 2 blue potions.
  1452 | D:3      | 1452 ||| DROPPING scroll of fog.
  2184 | D:3      | Noticed Robin
  2203 | D:3      | HP: 7/28 [Robin/+0 spear (2)]
  2204 | D:3      | 2204 ||| READING scroll of teleportation.
  2357 | D:3      | Killed Robin
  2358 | D:3      | Reached XP level 5. HP: 28/32 MP: 5/5
  2637 | D:3      | 2637 ||| UPGRADING to +0 helmet.
  2642 | D:3      | 2642 ||| UPGRADING to +0 cloak.
  2682 | D:4      | 2682 ||| PLANNING SEWER
  2688 | D:4      | Noticed Duvessa
  2688 | D:4      | Noticed Dowan
  2689 | D:4      | 2689 ||| RETREATING.
  2694 | D:4      | 2694 ||| Stepping ~*~*~tactically~*~*~ (retreating).
  2695 | D:4      | 2695 ||| Stepping ~*~*~tactically~*~*~ (retreating).
  2696 | D:4      | 2696 ||| Stepping ~*~*~tactically~*~*~ (retreating).
  2711 | D:4      | HP: 6/32 [Duvessa/+0 short sword (6)]
  2712 | D:4      | 2712 ||| READING scroll of teleportation.
  2712 | D:4      | Slain by Dowan

Levels and vault maps discovered:
D:1:      lightli_arrival_farm, layout_loops_cross, serial_shops,
          nicolae_shop_tiny_glass
D:2:      layout_loops_cross, basic_altar, ebering_ecumenical_altar_hall,
          bh_walls_and_bars
D:3:      layout_basic, serial_bayou_lake_a, uniq_robin
D:4:      layout_gridville, kennysheep_mini,
          minmay_temple_entry_statues_fountains, portal_sewer_entry_a,
          serial_shops, nicolae_shop_overgrown_old_shop, uniq_duvessa

Skill      XL: |  1  2  3 |
---------------+----------+-----
Ranged Weapons | 5 |  5.9
Fighting       | 3 |  3.0
Dodging        | |  1.5
Stealth        | |  1.1

Action                     |  1- 3 |  4- 6 || total
---------------------------+-------+-------++-------
   Fire: Shortbow          |   116 |   157 ||   273
    Use: Scroll            |     1 |     6 ||     7
         Potion            |       |     1 ||     1
 Armour: Leather armour    |    52 |    93 ||   145
  Dodge: Dodged            |    45 |    62 ||   107

Table legend:
 A = Non-vault XP
 B = Vault XP
 C = Vault XP percentage of total XP
 D = Non-vault monster count
 E = Vault monster count
 F = Vault count percentage of total count
                 A         B        C        D         E       F
            +---------+---------+-------+---------+---------+-------
      Total |     156 |      35 |  18.3 |      57 |      11 |  16.2
            +---------+---------+-------+---------+---------+-------
        D:1 |      43 |       0 |   0.0 |      22 |       0 |   0.0
        D:2 |      76 |       0 |   0.0 |      21 |       0 |   0.0
        D:3 |      35 |      35 |  50.0 |      13 |      11 |  45.8
        D:4 |       2 |       0 |   0.0 |       1 |       0 |   0.0
            +---------+---------+-------+---------+---------+-------
